 Dungeon Crawl Stone Soup version 0.28.0-49-g6dfe1f597d (webtiles) character file.

Game seed: 18122862964955039818

8976 firemarshallily the Frost Mage (level 11, -6/68 HPs)
             Began as a Merfolk Ice Elementalist on May 15, 2022.
             Was a High Priest of Okawaru.
             Mangled by a wraith (7 damage)
             ... on level 9 of the Dungeon on May 16, 2022.
             The game lasted 00:53:36 (12187 turns).

firemarshallily the Frost Mage (MfIE)              Turns: 12187, Time: 00:53:38

Health: -6/68      AC: 17    Str: 11    XL:     11   Next: 39%
Magic:  5/26       EV: 16    Int: 24    God:    Okawaru [*****.]
Gold:   712        SH:  0    Dex: 11    Spells: 17/32 levels left

rFire   . . .      SeeInvis .   x - +2 trident (protect)
rCold   . . .      Faith    .   (no shield)
rNeg    . . .      Spirit   .   O - +0 steam dragon scales
rPois   .          Reflect  .   (no helmet)
rElec   .          Harm     .   (no cloak)
rCorr   .          Rampage  .   P - +0 pair of gloves
Will    +....                   d - +0 pair of boots
Stlth   ++........              C - amulet of the acrobat
HPRegen 0.21/turn               F - ring of Toopec {Will+ EV+4 Str+2 Int+5 Dex-3}
MPRegen 0.20/turn               D - ring of wizardry

@: ice-armoured, freezing walls, slowed, very slow
A: (nimble swimmer 2), mertail
a: Renounce Religion, Heroism, Finesse, Duel


You were on level 9 of the Dungeon.
You worshipped Okawaru.
Okawaru was extremely pleased with you.
You visited 1 branch of the dungeon, and saw 9 of its levels.
You also visited: Sewer and Bailey.

You collected 1012 gold pieces.
You spent 300 gold pieces at shops.

Inventory:

Hand Weapons
 x - a +2 trident of protection (weapon)
 J - a +4 short sword
 W - a +2 spectral quarterstaff
Missiles
 b - 54 sling bullets
 h - 241 stones
 j - 19 poisoned darts (quivered)
 M - 33 boomerangs
 Q - 6 curare-tipped darts
 R - 2 throwing nets
Armour
 d - a +0 pair of boots (worn)
 e - a +0 kite shield
 y - a +0 chain mail of cold resistance
 O - +0 steam dragon scales (worn)
 P - a +0 pair of gloves (worn)
 V - +0 acid dragon scales
 X - a +1 pair of boots of flying
Magical Staves
 A - a staff of death
Jewellery
 f - a ring of resist corrosion
 C - an amulet of the acrobat (around neck)
 D - a ring of wizardry (right hand)
 F - the ring of Toopec (left hand) {Will+ EV+4 Str+2 Int+5 Dex-3}
   (You found it on level 5 of the Dungeon)

   [ring of evasion]

   EV:        It affects your evasion (+4).
   Str:       It affects your strength (+2).
   Int:       It affects your intelligence (+5).
   Dex:       It affects your dexterity (-3).
   Will:      It increases your willpower.
 G - a ring of willpower
 U - a ring of magical power
Wands
 c - a wand of acid (4)
 w - a wand of flame (40)
 T - a wand of polymorph (5)
Scrolls
 l - a scroll of identify
 m - a scroll of fog {unknown}
 n - a scroll of enchant armour {unknown}
 o - a scroll of brand weapon {unknown}
 r - 4 scrolls of blinking {unknown}
 s - 2 scrolls of noise {unknown}
 H - 3 scrolls of teleportation {unknown}
 I - a scroll of immolation {unknown}
Potions
 a - a potion of resistance {unknown}
 g - 6 potions of flight
 i - a potion of invisibility
 k - 4 potions of haste {unknown}
 p - a potion of magic {unknown}
 q - 5 potions of curing {unknown}
 u - 3 potions of mutation {unknown}
 v - a potion of attraction {unknown}
 z - a potion of might {unknown}
 B - a potion of heal wounds {unknown}
 E - 2 potions of brilliance {unknown}
 K - 3 potions of degeneration {unknown}
 L - a potion of ambrosia {unknown}
 N - a potion of berserk rage {unknown}
 S - a potion of lignification {unknown}


   Skills:
 - Level 1.0 Short Blades
 - Level 4.0 Polearms
 - Level 3.0 Dodging
 - Level 2.1 Stealth
 * Level 11.3 Spellcasting
 * Level 13.8 Ice Magic


You had 17 spell levels left.
You knew the following spells:

 Your Spells              Type           Power      Damage    Failure   Level
a - Freeze                Ice            100%       1d11      0%          1
b - Frozen Ramparts       Ice            100%       1d12      1%          3
c - Ozocubu's Armour      Ice            68%        N/A       1%          3
d - Hailstorm             Conj/Ice       46%        3d11      1%          4
e - Vampiric Draining     Necr           13%        2d6       6%          3
f - Pain                  Necr           52%        1d6       1%          1

Your spell library contained the following spells:

 Spells                   Type           Power      Damage    Failure   Level
 Ozocubu's Refrigeration  Ice            34%        4d11      5%          7
 Airstrike                Air            6%         N/A       17%         4
 Lightning Bolt           Conj/Air       6%         1d18      43%         5
 Animate Skeleton         Necr           Unusable   N/A       N/A         1
 Summon Lightning Spire   Summ/Air       Unusable   N/A       N/A         4

Dungeon Overview and Level Annotations

Branches:
Dungeon (9/15)             Temple (0/1) D:7           Sewer (visited)
 Bailey (visited)
   Lair: D:8-11         Orc: D:9-12

Altars:
Cheibriados
Elyvilon
Fedhas
Gozag
Hepliaklqana
Makhleb
Okawaru
Ru
Sif Muna
Vehumet
Wu Jian

Shops:
D:4 =

Annotations:
D:3 1 runed translucent door, 3 exclusions, sparkythefrown's ghost, amateur MiFi
D:8 3 runed translucent doors, 5 exclusions, Rudyous's ghost, novice MiBe


Innate Abilities, Weirdness & Mutations

((You are very nimble when in or above water. (Stealth+, EV+, Speed+++)))
Your lower body shifts to a powerful aquatic tail in water.


Message History

The acid dragon is almost dead.
The bullfrog closely misses you. The yak closely misses you.
The yak barely misses you. The acid dragon misses you.
The acid dragon barely misses you.
The wall freezes the yak.
The yak misses you. The yak closely misses you.
You hit the acid dragon.
Your weapon exudes an aura of protection.
You kill the acid dragon!
Okawaru accepts your kill.
The acid dragon scales are intact enough to wear.
The bullfrog hits you. The yak completely misses you.
The wraith barely misses you.
The yak snorts and paws the ground.
The yak completely misses you.
The wall freezes the yak.
The yak gores you!
* * * LOW HITPOINT WARNING * * *
The bullfrog hits you but does no damage.
The yak closely misses you. The wraith barely misses you.
The yak closely misses you.
You closely miss the wraith. The bullfrog misses you.
The yak closely misses you.
The wall freezes the yak.
The yak gores you but does no damage. The yak closely misses you.
The bullfrog closely misses you. The wraith misses you. The yak misses you.
You closely miss the wraith. The yak closely misses you.
The bullfrog misses you.
The wall freezes the yak!
The yak gores you!
* * * LOW HITPOINT WARNING * * *
The yak gores you.
* * * LOW HITPOINT WARNING * * *
The yak gores you but does no damage. The wraith hits you.
* * * LOW HITPOINT WARNING * * *
The wraith drains your vigour!
You feel yourself slow down. The bullfrog barely misses you.
The yak barely misses you.
Unknown command.
As you read the scroll labelled SUAZ BUZORR, it crumbles to dust.
You assume a fearsome visage.
The bullfrog looks frightened!
The wraith is unaffected.
The yak looks frightened! x4
It was a scroll of fear.
The wall freezes the yak.
You kill the yak!
Okawaru accepts your kill. The wraith hits you!
You die...

### .... .....
.....##########
.......Y.......
.$....Y.[......
.....F.@W......
.......†.......
.....Y..#.#.#.#
...............
..!.....#.#.#.#
...............
........# # #.#
####..... ..


You could see 3 yaks, a wraith and a bullfrog (fleeing).

Vanquished Creatures
  Harold (D:7)
  A two-headed ogre (D:5)
  Pikel (D:5)
  4 orc knights (Bailey)
  Maggie (D:6)
  Prince Ribbit (D:8)
  7 yaks
  A steam dragon (D:8)
  Menkaure (D:7)
  2 acid dragons
  A water moccasin (D:7)
  10 orc warriors
  An ice beast (D:5)
  4 necrophages (D:6)
  3 black bears (D:6)
  2 ogres
  A centaur (D:8)
  3 kobold brigands
  3 bullfrogs
  A wyvern zombie (D:8)
  2 scorpions
  A water moccasin skeleton (D:7)
  6 killer bees
  2 howler monkeys
  2 jellies (D:5)
  A centaur zombie (D:5)
  2 gnoll shamans
  2 orc priests (D:8)
  A bullfrog zombie (D:7)
  A hound (D:4)
  2 iguanas
  3 killer bee zombies
  A hound zombie (D:5)
  2 hound skeletons (D:4)
  13 gnolls
  17 adders
  3 howler monkey skeletons
  3 river rats
  A shadow imp (D:4)
  A white imp (D:5)
  3 ufetubi
  5 worms
  4 adder skeletons (D:4)
  5 dart slugs
  25 orcs
  7 endoplasms
  3 giant cockroaches
  12 goblins
  10 hobgoblins
  24 kobolds
  5 quokkas
  9 ball pythons
  4 bats
  3 frilled lizards
  13 rats
247 creatures vanquished.

Vanquished Creatures (others)
  A fungus (D:7)
  14 plants
15 creatures vanquished.

Grand Total: 262 creatures vanquished

Notes
Turn   | Place    | Note
-------+----------+-------------------------------------------
     0 | D:1      | firemarshallily the Merfolk Ice Elementalist began the
                  | quest for the Orb.
     0 | D:1      | Reached XP level 1. HP: 13/13 MP: 3/3
   252 | D:1      | Reached XP level 2. HP: 19/19 MP: 5/5
  1081 | D:1      | Reached XP level 3. HP: 23/24 MP: 2/6
  1085 | D:1      | Learned a level 3 spell: Frozen Ramparts
  1089 | D:1      | Learned a level 3 spell: Ozocubu's Armour
  1192 | D:1      | Found a faded altar of an unknown god.
  1204 | D:1      | Prayed at the altar of an unknown god.
  1204 | D:1      | Became a worshipper of Warmaster Okawaru
  1204 | D:1      | Reached * piety under Okawaru
  1589 | D:2      | Reached skill level 5 in Ice Magic
  1885 | D:2      | Reached XP level 4. HP: 30/30 MP: 6/8
  2025 | D:2      | Reached skill level 1 in Short Blades
  2518 | D:3      | Found a glowing drain.
  2551 | Sewer    | Entered a sewer
  2566 | Sewer    | Reached XP level 5. HP: 22/35 MP: 3/10
  2735 | Sewer    | Noticed a kobold brigand
  2744 | Sewer    | Killed a kobold brigand
  2859 | Sewer    | Reached skill level 6 in Ice Magic
  3017 | Sewer    | Reached XP level 6. HP: 41/41 MP: 7/12
  3083 | Sewer    | Reached ** piety under Okawaru
  3415 | D:3      | Found a runed translucent door.
  3415 | D:3      | Noticed sparkythefrown's ghost (amateur MiFi)
  3521 | D:3      | Found a blossoming altar of Fedhas.
  4373 | D:4      | Found Orchuicw's Jewellery Shop.
  4621 | D:4      | Learned a level 4 spell: Hailstorm
  4771 | D:4      | Reached skill level 1 in Polearms
  5033 | D:4      | Reached XP level 7. HP: 41/46 MP: 7/14
  5498 | D:4      | Reached skill level 7 in Ice Magic
  5596 | D:4      | Bought a ring of wizardry for 300 gold pieces
  5619 | D:5      | Entered Level 5 of the Dungeon
  5672 | D:5      | Noticed Pikel
  5725 | D:5      | Reached skill level 5 in Spellcasting
  5728 | D:5      | Identified the ring of Toopec {Will+ EV+4 Str+2 Int+5
                  | Dex-3}
  5925 | D:5      | Noticed a two-headed ogre
  5939 | D:5      | Killed a two-headed ogre
  5939 | D:5      | Reached *** piety under Okawaru
  5940 | D:5      | Reached skill level 8 in Ice Magic
  5940 | D:5      | Reached XP level 8. HP: 49/52 MP: 9/17
  6027 | D:5      | Noticed a yak
  6027 | D:5      | Noticed a yak
  6028 | D:5      | Noticed a yak
  6030 | D:5      | Noticed a yak
  6032 | D:5      | Noticed a yak
  6034 | D:5      | Killed a yak
  6036 | D:5      | Killed a yak
  6037 | D:5      | Reached skill level 9 in Ice Magic
  6039 | D:5      | Killed a yak
  6039 | D:5      | Reached **** piety under Okawaru
  6040 | D:5      | Reached XP level 9. HP: 50/57 MP: 3/19
  6170 | D:5      | Found a faded altar of an unknown god.
  6171 | D:5      | Found a faded altar of an unknown god.
  6178 | D:5      | Found a hazy altar of Hepliaklqana.
  6277 | D:5      | Killed Pikel
  6278 | D:5      | Reached skill level 10 in Ice Magic
  7124 | D:6      | Learned a level 3 spell: Vampiric Draining
  7170 | D:6      | Noticed Maggie
  7175 | D:6      | Learned a level 1 spell: Pain
  7195 | D:6      | Killed Maggie
  7195 | D:6      | Received a gift from Okawaru
  7196 | D:6      | Reached skill level 11 in Ice Magic
  7766 | D:6      | Reached XP level 10. HP: 63/63 MP: 17/23
  7888 | D:6      | Reached ***** piety under Okawaru
  8125 | D:7      | Found a snail-covered altar of Cheibriados.
  8127 | D:7      | Found an opulent altar of Gozag.
  8367 | D:7      | Found a white marble altar of Elyvilon.
  8382 | D:7      | Found a staircase to the Ecumenical Temple.
  8432 | D:7      | Noticed Menkaure
  8438 | D:7      | Killed Menkaure
  8654 | D:7      | Found a sacrificial altar of Ru.
  9101 | D:7      | Noticed Harold
  9108 | D:7      | Killed Harold
  9109 | D:7      | Reached skill level 12 in Ice Magic
  9867 | D:8      | Reached skill level 10 in Spellcasting
 10043 | D:8      | Found a flagged portal.
 10109 | Bailey   | Entered a bailey
 10115 | Bailey   | Noticed an orc knight
 10116 | Bailey   | Noticed an orc knight
 10150 | Bailey   | Noticed an orc knight
 10221 | Bailey   | Noticed an orc knight
 10265 | Bailey   | Killed an orc knight
 10265 | Bailey   | Received a gift from Okawaru
 10766 | Bailey   | Killed an orc knight
 10767 | Bailey   | Reached skill level 13 in Ice Magic
 10767 | Bailey   | Reached XP level 11. HP: 42/68 MP: 5/25
 10956 | Bailey   | Killed an orc knight
 11125 | Bailey   | Killed an orc knight
 11258 | D:8      | Found a runed translucent gate.
 11262 | D:8      | Found a runed translucent gate.
 11268 | D:8      | Found a runed translucent gate.
 11269 | D:8      | Noticed Rudyous's ghost (novice MiBe)
 11324 | D:8      | Noticed Prince Ribbit
 11339 | D:8      | Killed Prince Ribbit
 11633 | D:8      | Found a radiant altar of Vehumet.
 11662 | D:8      | Found a burning altar of Makhleb.
 11739 | D:8      | Found a shimmering blue altar of Sif Muna.
 11777 | D:8      | Found an ornate altar of the Wu Jian Council.
 12186 | D:9      | HP: 2/68 [yak (3)]
 12187 | D:9      | Mangled by a wraith

Illustrated notes

Levels and vault maps discovered:
D:1:      dpeg_arrival_castle, layout_basic, hellmonk_ecumenical_altar_zigzags,
          st_stairs_12
D:2:      layout_basic
D:3:      layout_basic, mainiacjoe_overflow_concentric_impassable,
          gammafunk_ghost_grave, lightli_sewer_entry_pipes, dk_noncrumbling_3
D:4:      minmay_razor_zed, layout_basic, serial_shops, nicolae_shop_waterfront,
          minmay_fractal_squares_diagonal_5
D:5:      layout_loops_cross, nicolae_hepliaklqana_ecumenical_no_more,
          st_stairs_12, chequers_serial_rivers_room_b, uniq_pikel
D:6:      layout_basic, serial_corexii_hall, corexii_hall_statues_i,
          chequers_hall_statues_wall_a, corexii_hall_statues_x, minivault_1,
          hangedman_minor_gate_pass, uniq_maggie
D:7:      layout_layer_cave, nicolae_ru_the_path_less_chosen,
          grunt_gozag_statues, mainiacjoe_overflow_chevrons,
          kennysheep_mini_moat, temple_doors_e, kennysheep_generic_room_5,
          uniq_harold, uniq_menkaure
D:8:      layout_basic, nicolae_overflow_quartered_altars,
          gammafunk_ghost_spectres, enter_bailey_3, minmay_misc_feat_cross,
          uniq_prince_ribbit1
D:9:      layout_irregular_city, evilmike_ruin_ashenzari, st_stairs_10

Skill      XL: |  1  2  3  4  5  6  7  8  9 10 11 |
---------------+----------------------------------+-----
Dodging        | 3 |  3.0
Ice Magic      | 5 6 8 9 11 13 | 13.8
Spellcasting   | 3 4 6 7 9 10 11 | 11.3
Short Blades   | 1 |  1.0
Polearms       | 1 3 4 |  4.0
Stealth        | |  2.1

Action                   |  1- 3 |  4- 6 |  7- 9 | 10-12 || total
-------------------------+-------+-------+-------+-------++-------
Melee: Unarmed           |     2 |       |       |       ||     2
       Club              |    18 |       |       |       ||    18
       Tailslap          |     1 |     7 |       |     3 ||    11
       Short sword       |     8 |    53 |       |       ||    61
       Trident           |       |    51 |   148 |   147 ||   346
       Punch             |       |     1 |     1 |     1 ||     3
Throw: Dart              |       |       |     4 |     1 ||     5
 Cast: Freeze            |    54 |    68 |    13 |     3 ||   138
       Frozen Ramparts   |       |    12 |    19 |    29 ||    60
       Ozocubu's Armour  |       |     5 |    13 |    17 ||    35
       Hailstorm         |       |       |     8 |    51 ||    59
       Pain              |       |       |     3 |     3 ||     6
       Vampiric Draining |       |       |       |     4 ||     4
  Use: Scroll            |     1 |     1 |     2 |     1 ||     5
 Stab: Sleeping          |     5 |     5 |     2 |       ||    12
Armor: Robe              |    10 |    27 |    38 |       ||    75
       Steam dragon scal |       |       |     9 |    69 ||    78
Dodge: Dodged            |    40 |    91 |   110 |   166 ||   407
